[Event "44th Chess Olympiad Open 2022"]
[Site "Chennai"]
[Date "2022.08.03"]
[Round "6.40"]
[White "De Silva, L M S T.."]
[Black "Waldhausen Gordon, Frederick"]
[Result "1-0"]
[WhiteElo "2212"]
[BlackElo "2028"]
[Annotator "TA"]
[PlyCount "103"]
[EventDate "2022.??.??"]
[TimeControl "60"]

1. e4 c5 2. Nf3 g6 3. d4 cxd4 4. Nxd4 Nc6 5.
c4 Nf6 6. Nc3 Nxd4 7. Qxd4 d6 8. Be3 Bg7 9. Be2 O-O 10. Qd3 a6 {[%emt 0:02:00][%cal Yb7b5] 10...a5 is the modern
continuation. B36: Sicilian: Maroczy Bind: Gurgenidze System.} 11. O-O Bd7 12. a4 a5 {[%emt 0:01:09]
[#] White is slightly better.} 13. Rad1 $146 ({Predecessor:} 
13. c5 dxc5 14. Bxc5 Bc6 15. Qe3 Qd7 16. f3 Qe6 17. Nb5 Bxb5 18. Bxb5 Nd7 19.
Ba3 {½-½ (43) Almasi,Z (2620)-Khalifman,A (2645) Wijk aan Zee 1995}) 13...
Bc6 14. b3 Nd7 15. Qc2 Qc7 16. Nd5 Bxd5 17. exd5 Nc5 18. Rde1 Rae8 19. Bd1 b6 20. Bd2 Bd4 21. h4 f5 22. h5 Kg7 23. Bf4 Be5 24. Qd2 Bxf4 25. Qxf4 e5 (25... Qd7 $14 {might be
stronger.}) 26. dxe6 $1 $16 Nxe6 27. Qc1 Nd4 28. Qf4 (28. h6+ $16 Kf6
29. Re3 (29. Qf4 Qc5 $11)) 28... Qc5 (28... Ne6 $1 $11 29. Qd2
Qc5) 29. Bf3 $14 Re5 30. Rd1 Re4 (30... Nxb3 31. Rd3 Qb4 32. Rfd1 $18) 31. Qd2 (31. h6+ $14 Kf7 32. Qd2 Nxf3+ 33. gxf3) 31... Nxf3+ $11 32. gxf3 Re6 (32... f4 $1 $11 33. h6+ (33.
fxe4 {is a self mate.} Qg5+ 34. Kh2 Qxh5+ 35. Kg2 Qg4+ 36. Kh2 f3 37. Qc3+ Kg8)
33... Kxh6 34. fxe4 Qg5+ 35. Kh1 Qh4+ 36. Kg2 Qg4+ 37. Kh2 Qh4+ 38. Kg2 Qg4+
39. Kh2 Qh4+ 40. Kg2) 33. h6+ Kf7 $1 34. Rfe1 Rfe8 35. Rxe6 Rxe6 36. Qd5 (36. f4 {keeps more
tension.} Ke7 37. Qb2 Kd7 38. Qh8) 36... Qxd5 37. Rxd5 {
[%emt 0:00:03] Endgame KR-KR} Kf6 $1 38. Rb5 d5 39. Rxd5 {[%emt 0:08:03] Hoping for Rd7.} Kg5 40. Kg2 Kxh6 41. f4 Kg7 42. Rd7+ Kf6 $2 (42... Kh8
$11) 43. Rxh7 $18 Rd6 44. Rc7 g5 {[%emt 0:00:00] [#]} (44... Ke6 $16 {was necessary.}) 45. c5 $1 bxc5 (45... Re6 $142 46. fxg5+ Kxg5) 46. Rxc5 gxf4 47. Rxa5 {[%emt 0:00:00] Black must now
prevent Rb5.} Rd3 $2 (47... Kg5 48. Rb5 Kg4) 48. Rb5 Kg5 49. a5 {[%emt 0:00:00] [#] And now a6 would win.}
Kg4 50. Rb4 {[%emt 0:00:00] White threatens a6 and mate.} Rd6 51. Ra4 {[%emt 0:00:00] Threatening mate with a6.} Ra6 52. f3+ {[%emt 0:00:00] Weighted Error Value: White=0.12 (very
precise) /Black=0.39} 1-0

[Event "44th Chess Olympiad Open 2022"]
[Site "Chennai"]
[Date "2022.08.03"]
[Round "6.40"]
[White "Alahakoon, Isuru"]
[Black "Gourlay, Iain"]
[Result "0-1"]
[WhiteElo "2000"]
[BlackElo "2321"]
[Annotator "TA"]
[PlyCount "61"]
[EventDate "2022.??.??"]
[TimeControl "60"]

1. Nf3 d5 2. e3 Nf6 3. c4 e6 4. b3 Nbd7 5. Bb2 Bd6 6. Nc3 a6 7. d4 b6 8. Bd3 Bb7 9. O-O O-O 10. Rc1 Qe7 11.
cxd5 {[%emt 0:14:17] E14: Queen's Indian: Classical Variation (4 e3).} exd5 12. Ne2 Rfe8 13. Ng3 {
[%emt 0:03:54] The position is equal.} g6 {[%emt 0:01:03] Inhibits Nf5.} 14.
Qc2 Rac8 15. Qe2 {[%emt 0:02:28] [#]} h5 $146 ({Predecessor:} 15... Ra8 16. Rc2 Ne4 17.
Rfc1 Ndf6 18. a4 Nxg3 19. hxg3 Ne4 20. Ne5 c5 21. Bxe4 cxd4 22. Bxd4 Bxe5 23.
Bxe5 Qxe5 {0-1 (70) Alekseev,E (2620)-Petrosyan,M (2613) Moscow 2019}) 16. Rc2 Ng4 17. Bxa6 Bxa6 18. Qxa6 h4 19. Ne2 {[%emt 0:00:00]
next h3 is good for White.} Qe4 20. Rfc1 {[%emt 0:00:00]
Strongly threatening Nc3.} h3 $1 $132 {[%emt 0:05:07][%cal Yd6h2] Black is
fighting back} 21. Ng3 Bxg3 22. hxg3 {
[%emt 0:00:17] Qe2 is the strong threat.} hxg2 (22... Kg7 $5 ) 23. Kxg2 (23. Qe2 $1 $11 {and White is okay.})
23... Kg7 $1 $19 24. Qe2 Rh8 25. Rh1 {[%emt 0:02:48] [#] Against Rh2+} ({Not} 25. Kg1 $2 Rh3 26. Kg2 Rch8
$19) 25... Ndf6 $2 (25... Rxh1 $1 $19 26. Kxh1 Rh8+ 27. Kg1 g5
28. Rxc7 {[#]} Qh7 $1) 26. Rh3 {[%emt 0:00:26] Now White is beyond hope.} (26.
Rcc1 $15) 26... Rxh3 27. Kg1 Rh5 (27... Rch8 $142 28. Nh2 Rxh2 29. Qf3 Qxf3 30. Rxc7 Qxf2#) 28. Nh4 {
[%emt 0:06:04] Black is clearly winning.} g5 29. f3 Qxe3+ 30. Qxe3 Nxe3 31. g4 {[%emt 0:00:30] Weighted Error Value: White=1.10/Black=0.71} 0-1

[Event "44th Chess Olympiad Open 2022"]
[Site "Chennai"]
[Date "2022.08.03"]
[Round "6.41"]
[White "Ashiku, Franc"]
[Black "Garcia Cuestas, Kevin"]
[Result "1-0"]
[WhiteElo "2422"]
[BlackElo "1984"]
[Annotator "TA"]
[PlyCount "61"]
[EventDate "2022.??.??"]
[TimeControl "60"]

1. d4 Nf6 2. c4 e6 3. Nc3 c5 4. d5 exd5 5. cxd5 d6 6. e4 g6 7. h3 Bg7 8. Nf3 O-O 9. Bd3 Re8 10. O-O Na6 {[%emt 0:00:
00] 10...Nbd7 is the modern continuation.} 11. Re1 Nc7 12. a4 {[%emt 0:05:01] White is more active.} b6 {[%emt 0:00:
00] A70: Modern Benoni: 6 e4 g6 7 Nf3.} 13. Bf4 a6 (13... Ba6 $16 {keeps fighting.}) 14. Nd2 ({Better is
} 14. Qb3 $18) 14... Nh5 {[%emt 0:09:02] [#] White is better.} 15. Bh2 Be5 16. Bxe5 Rxe5 17. Bf1 {[%emt 0:00:41] [#]} Nf4 $146 (17... Rb8 $16 {
might work better.}) ({Predecessor:} 17... Rb8 18. Nf3 Re8 19. e5 Bb7 20. Qd2
Qd7 21. g4 Ng7 22. Qh6 Bxd5 23. Nxd5 Nxd5 24. Bc4 Qc6 25. Ng5 {1-0 (25) Devcic,
D (2246)-Drugda,M (1987) Banska Stiavnica 2007}) 18. Re3 Rg5 19. Kh1 f5 (19... Rb8 $16 20.
Rf3 Nh5) 20. Qf3 Nh5 21. Nc4 f4 22. Ree1 {[%emt 0:01:12] And now e5 would win.} Rb8 (22... Ne8 $142 23. e5 Bf5) 23. e5 $18 dxe5 24. Nxe5 Bb7 25. Rad1 {
[%emt 0:02:12] Nc6 is the strong threat.} Ne8 $2 (25... Rxe5
26. Rxe5 Qd6) 26. Nc6 Qc7 27. Re7 Qc8 28. Nxb8 Qxb8 29. Ne4 Bxd5 {[%emt 0:00:37] [#]} 30. Nxg5 $1 Bxf3 (30... Nhf6 31. Rxd5) 31. Bc4+ {[%emt 0:00:06] Weighted
Error Value: White=0.23 (precise) /Black=0.93} 1-0

[Event "44th Chess Olympiad Open 2022"]
[Site "Chennai"]
[Date "2022.08.03"]
[Round "6.41"]
[White "Veleshnja, Zino"]
[Black "Chahin Godoy, Angel Eduardo"]
[Result "1-0"]
[WhiteElo "2263"]
[BlackElo "1844"]
[Annotator "TA"]
[PlyCount "105"]
[EventDate "2022.??.??"]
[TimeControl "60"]

1. d4 Nf6 2. c4 e6 3. g3 d5 4. Nf3 Bb4+ 5. Bd2 a5 6. Bg2 O-O 7. O-O {[%emt 0:02:13] 7.Qc2 injects fresh life into this line.} c6 {[%emt 0:
00:00] E11: Bogo-Indian.} 8. Bg5 Be7 9. Nc3 Nbd7 {[%emt 0:05:46] The position is equal.} 10. Qc2 dxc4 {[%emt 0:16:59] [#]} 11. e4 $146 {[%emt 0:06:39] Prevents Nd5.} (
11. Nd2 $11) ({Predecessor:} 11. a4 Nd5 12. h4 h6 13. Bxe7 Qxe7 14. e4 Nb4 15.
Qe2 b6 16. Nd2 Ba6 17. e5 {1-0 (52) Stein,R (2325)-Buckels,V (2455) Playchess.
com INT 2020}) 11... b5 $15 12. Rad1 Bb7 13. Rfe1 Re8 14. h4 h6 $1 15. Bc1 a4 16.
a3 Qb6 17. Be3 ({White
should play} 17. e5 $1 $15 Nd5 18. Nxd5 cxd5 19. Bd2) 17... Ng4 18. Bf4 e5 19. dxe5 Nc5 20. Bh3 (20. Nh2 $17 Nxh2 21. Kxh2) 20... Bc8
$1 $19 21. e6 Bxe6 22. Nd4 Bc8 ({Wrong is} 22... Nxf2 $2 23. Qxf2 Bxh3
24. Nf5 Bxf5 25. exf5 $19) (22... Nd3 $142 23. Nxe6 Qxf2+ 24. Qxf2 Ngxf2) 23.
Nf5 Bxf5 24. exf5 Nf6 25. Be3 Rad8 26. Bd4 (26. Kf1 {is a better defense.}) 26... Qc7 27.
Be5 Qc8 28. Bf1 Ng4 {
[%emt 0:00:35][%cal Yc5d3] And now ...Nd3! would win. Pair of Knights!} 29. Bd4 Nb3 30. Bb6 Rxd1 31. Qxd1 Qxf5 {[%emt 0:00:52] [#]} (31... h5
$19 {avoids the disaster. Threatens to win with ...Bf6.} 32. Bh3 Nf6) 32. Rxe7
$1 $18 {[%emt 0:00:56] Remove Defender, Deflection, Decoy} Rxe7 33. Qd8+ Kh7 34. Qxe7 Nd2 35. Bg2 Ne5 36. Be3 {[%emt 0:04:41] Prevents g5.} (36. f4 $142 Ndf3+ 37. Kf2
Qc2+ 38. Ne2) 36... Ndf3+ 37. Bxf3 Nxf3+ 38. Kg2 Ne1+ 39. Kf1 Nd3 {[%emt 0:00:11] [#]} 40. Qe4 $1 Qxe4 41. Nxe4 {[%emt 0:30:10] Black must now prevent Bd4.} Nxb2 42. Bd4 {[%emt 0:00:44] White is more active.} Nd3 43. Nc5 {[%emt 0:00:00] Nxd3 is the strong threat.} Nxc5 44. Bxc5 $16 {[%emt 0:00:00] Endgame KB-KP} g5 $2 {[%emt 0:00:00] [#] Black
cannot hold the game after this.} (44... Kg6 $16) 45. h5 $1 $18 Kg8 46. Ke2 f5 47. Ke3 {
[%emt 0:00:00] Hoping for Kd4.} Kg7 48. Kd4 g4 49. Kc3 {[%emt 0:00:00] White mates.} Kf6 50. Be3 Kg7 51. Kb4 Kh7 52. Kc5 Kg7 53. Kxc6 {
[%emt 0:00:00] Weighted Error Value: White=0.21 (precise) /Black=0.60} 1-0

[Event "44th Chess Olympiad Open 2022"]
[Site "Chennai"]
[Date "2022.08.03"]
[Round "6.41"]
[White "Chinchilla, Alejandro Jose"]
[Black "Pasko, Llambi"]
[Result "0-1"]
[WhiteElo "2166"]
[BlackElo "2418"]
[Annotator "TA"]
[PlyCount "75"]
[EventDate "2022.??.??"]
[TimeControl "60"]

1. e4 e5 2. Nf3 Nc6 3. Bb5 Nf6 4. O-O Bc5 5. d3 d6 6. Bxc6+ bxc6 7. c3 O-O {[%emt 0:02:29] C65: Ruy Lopez:
Berlin Defence (3...Nf6), unusual lines and 4 0-0 Bc5.} 8. h3 Re8 9. Re1 h6 {[%emt 0:09:24] The position
is equal.} 10. Nbd2 a5 {[%emt 0:00:30] [#]} 11. Nc4 $146 ({Predecessor:} 11. Nf1 Be6 12. b3 Bb6 13. Ng3 Qd7 14. d4 exd4
15. cxd4 Qc8 16. Qc2 Bd7 17. Be3 {1-0 (44) Martinez Alcantara,J (2620)-Sadykov,
R (2345) Chess.com INT 2021}) 11... a4 12. Be3 (12. d4 {feels hotter.} Be6 13. Ncxe5 dxe5 14. dxc5 Qxd1 15. Rxd1 Nxe4 16.
Nxe5 Bxh3 17. Nxc6 Ra6 18. Rd8) 12... Bxe3 13. Nxe3 d5 (13... Nh5 $15) 14. exd5 cxd5 15. d4 e4 16. Nd2 (16. Ne5 $11) 16... c6 17. c4 (17.
Ndf1 $15) 17... Qb6 18. Nc2 Qxb2 19. Rb1 {[%emt 0:00:32] [#]} Qc3 {[%emt 0:00:02] 0x0.
00144c29781fdp-1022s more active pieces.} (19... Qxa2 $2 20. Nb4 Qxb1 21. Qxb1
$18) 20. Re3 (20. Rb4 $142 e3 21. Nb1 exf2+ 22. Kxf2 Rxe1 23.
Nxc3 Rxd1 24. Nxd1) 20... Qa5 $17 21. Ra3 Bf5
{[%emt 0:03:11][%cal Ye4e3] ...e3! is the strong threat.} 22. Ne3 Be6 23. c5 Nd7 {[%emt 0:02:20] Against
Rb6} 24. Qc2 (24. h4 $17 {was necessary.}) 24... Reb8 25. Rxb8+ Nxb8 26. Nb1 Qb4 {[%emt 0:00:33] And now ...Nd7 would win.} 27. Qd1 Nd7 $36 {[%emt 0:05:55] Hoping for ...Rb8. White is under
strong pressure.} 28. Rc3 (28. Nc2 $17 Qb2 29. Nc3) 28... Rb8
$19 29. Rc1 Qb2 30. Nc3 Rb4 {[%emt 0:00:25][%cal Yb4d4] White must now prevent ...Rxd4!
} 31. Rc2 Qa3 32. Qd2 Nxc5 {[%emt 0:01:10] aiming for ...Nd3.} 33. Ncxd5 $2 {[%emt 0:02:16]
Loses the game.} (33. Ncd1 $17 Nb3 34. axb3) 33... cxd5 34.
Rxc5 Rb2 35. Rc2 Rxc2 ({Not} 35... Rb1+ $2 36. Kh2 $19) 36. Qxc2 {[%emt 0:00:09] [#]}
Qb4 {[%emt 0:00:05] Inhibits Qd2.} 37. Qd1 a3 38. Qb3 {[%emt 0:00:00] Weighted Error Value: White=0.35/Black=0.11 (very
precise)} (38. Nf1 $142) 0-1

[Event "44th Chess Olympiad Open 2022"]
[Site "Chennai"]
[Date "2022.08.03"]
[Round "6.41"]
[White "Villanueva, Marcio"]
[Black "Mehmeti, Dritan"]
[Result "0-1"]
[WhiteElo "2009"]
[BlackElo "2371"]
[Annotator "RC"]
[PlyCount "80"]
[EventDate "2022.??.??"]
[TimeControl "60"]

1. d4 Nf6 2. Nf3 c5 3. d5 g6 4. Nc3 Bg7 5. e4 d6 6. Bb5+ Bd7 7. a4 O-O 8. h3 Na6 9. O-O Nc7 10. Be2 a6 11. Be3 b5 12. e5 Nfe8 13.
Ne4 Bf5 14. Ng3 dxe5 15. Nxf5 gxf5 16. Bxc5 Nd6 17. Re1 Qd7 18. axb5 axb5 19. Ra3 Ne4 20. Bb4 Rxa3 21. Bxa3 Rd8 22. c4 bxc4 23. Bxc4 e6 24. d6 Ne8 25. Rxe4 fxe4 26. Ng5 Nxd6 27. Qh5 h6 28. Bxd6 hxg5 29. Bc5 Qd1+ 30. Qxd1 Rxd1+ 31. Kh2 Bf8 32. Be3 Be7 33. g4 Kg7 34. b4 Bxb4 35. Bxg5 Rd4 36. Bb3 Bd2 37. Be7 e3 38. fxe3 Bxe3 39. Kg2 Bf4 40. h4 Rd3 0-1

[Event "44th Chess Olympiad Open 2022"]
[Site "Chennai"]
[Date "2022.08.03"]
[Round "6.42"]
[White "Shishkov, Andrei"]
[Black "Kassis, Antoine"]
[Result "1-0"]
[WhiteElo "2366"]
[BlackElo "2202"]
[Annotator "TA"]
[PlyCount "113"]
[EventDate "2022.??.??"]
[TimeControl "60"]

1. d4 Nf6 2. c4 g6 3. Nc3 Bg7 4. e4 d6 5. f3 O-O 6. Be3 c5 7. Nge2 cxd4 8.
Nxd4 Nc6 9. Be2 Nxd4 10. Bxd4 Be6 11. O-O Nd7 12. f4 Bxd4+ 13. Qxd4 Qb6 14. Qxb6 {[%emt 0:01:39]
B38: Sicilian: Maroczy Bind with 5...Bg7 and 7...0-0.} Nxb6 15. b3 f6 16. Bf3 {[%emt 0:02:56][%cal Ye4e5]
[#] White is slightly better.} Bd7 $146 ({Predecessor:} 16...
Rab8 17. Rfe1 Nd7 18. Nd5 Kf7 19. Rad1 {½-½ (19) Almarza Mato,C (2016)
-Cumming,D (2230) ICCF email 2009}) 17. e5 Bc6 (17... fxe5 $14 18. fxe5 (18. Bxb7 Rab8 $11) 18... Bc6) 18. exd6 $16 exd6 19. Rad1 Rad8 20. Rd3 (20. f5 $142) 20... Rd7 21.
Rfd1 Bxf3 22. Rxf3 Rfd8 23. Rfd3 Kf7 24. a4 a5 (24... d5 $14) 25. Nd5 Nc8 26. f5 {[%emt 0:04:05] White is more active.} gxf5 (26... Ne7 $16) 27. Rh3 $18 Kg7 28. Rdd3 (28. Re1 $18) 28... Rf7 29. Rde3 $36 {
[%emt 0:01:27] White has strong compensation. Keeping Black busy.} Rdd7 $2 (29... Na7 {was called for.} 30. Rhg3+ Kh8) 30. Re8 Ne7 31. Nf4 h6 32.
Ne6+ Kh7 33. Nf8+ Rxf8 34. Rxf8 {[%emt 0:00:03] Endgame KRR-KRN} Kg7 35. Ra8 Nc6 36. Rg3+ Kf7 37. Rh8 Ke6 38. Rxh6 Ne5 39. Rg8 d5 40. Rf8 Ng4 41. Rh3 (
41. Re8+ $142 Kf7 42. Rhh8) 41... dxc4 {[%emt 0:32:31][%cal Rd7d1] [#]} 42.
Re8+ Kd5 (42... Kf7 $142 43. Re1 Rd4 44. Rh7+
Kg6 45. Rxb7 cxb3 46. Rxb3 Rxa4) 43. Re1 {[%emt 0:00:00] Hoping for Rd1+.} Kc5 44. Rc1 Ne5 45. bxc4 Kb4 46. Rb1+ Kxa4 47. Rhb3 Nxc4 48. Rxb7 Rd4 49. Ra1+ Na3 50. Rb2 Rb4 51. Rba2 Rb3 52. h4 {[%emt 0:00:00][%cal Yh2h4,Yh4h5,Yh5h6,Yh6h7]
White mates.} Kb4 {[%emt 0:00:00] [#]} 53. Rxa3 $1 Rxa3 54. Rxa3 Kxa3 55. h5 Kb2 56. h6 a4 57. h7 {[%emt 0:00:00] Weighted Error Value: White=0.12 (very precise) /
Black=0.45} 1-0

[Event "44th Chess Olympiad Open 2022"]
[Site "Chennai"]
[Date "2022.08.03"]
[Round "6.42"]
[White "Kiik, Kalle"]
[Black "Kaloust, Giorgio"]
[Result "1-0"]
[WhiteElo "2365"]
[BlackElo "1942"]
[Annotator "TA"]
[PlyCount "95"]
[EventDate "2022.??.??"]
[TimeControl "60"]

1. e4 c6 2. d4 d5 3. f3 dxe4 4. fxe4 e5 5. Nf3 Bg4 6. Bc4 Nd7 7. c3 {[%emt 0:03:52] Threatens to win
with Qb3. B12: Caro-Kann: Advance Variation.} Bd6 {[%emt 0:03:22] is now more
promising than 7...Bh5.} 8. h3 (8. Qb3 $11 Qe7 9. Qxb7) 8...
Bh5 9. O-O {[%emt 0:03:27] The position is equal.} Ngf6 10. Bg5 Qc7 (10... h6 {
is interesting.} 11. Bxf6 Nxf6 12. dxe5 Bc5+) 11. Nbd2 {[%emt 0:02:19] [#]} b5
$146 ({Predecessor:} 11... h6 12. Be3 b5 13. Bb3 c5 14. dxe5
Nxe5 15. Bc2 O-O 16. Qe1 Nxf3+ 17. Nxf3 Rae8 {0-1 (33) Soto Vega,J (2363)
-Licznerski,L (2369) Chess.com INT 2020}) 12. Be2 O-O 13. Nh4 Bg6 14. Nxg6 hxg6 15. Bf3 Rfe8 16. Kh1 Be7 17. Be3 a6 18. b3 Rad8 19. Rc1 Bd6 20. Qe2 Nf8 21. Qf2 N8d7 22. g4 Rf8 23. Qg2 c5 (23... exd4 $14 24. cxd4 Bf4) 24. d5 $16 Be7 (24... c4 $16 {keeps fighting.}) 25. g5 $18 Ne8 26. Bg4 Nd6 27. Rf2 f5 (27... c4 $142 28. b4 Kh8) 28. gxf6 $1 Rxf6 29. Be6+ Kh7 30. Rg1 {[%emt 0:03:29] Threatening mate with Rxf6.} Nf8 31. Bg4 c4 32. b4 Nf7 (32... a5 $16) 33. Nf3 a5 34.
a3 axb4 35. axb4 Ra8 36. Qg3 Ra3 {[%emt 0:00:00] [#]} (36... Kg8
$142 37. Nd4 Rxf2 38. Bxf2 Qb7) 37. Bd2 (37. Nd4 $1 $18 Nd6 38. Rxf6 Bxf6 39. Ne6) 37... Qa7 {[%emt 0:00:00] [#]} 38.
Rfg2 (38. Re2 $142 $1) 38... Ra1 ({Better is
} 38... Kg8) 39. Rxa1 ({Resist} 39. Nxe5 $6 Rxg1+ 40. Rxg1
Nxe5 41. Qxe5 Bd6 $16) (39. Re2 $142) 39... Qxa1+ $16 40. Qe1 Qb2 {[%emt 0:00:56] A mistake that costs the game.} (40... Ra6
$16 {was called for.}) 41. Bg5 $18 Qa3 42.
Bxf6 Bxf6 43. Be6 Nh6 (43... Nd8 $142 44. Bg4 Nf7) 44. Ng5+ Kh8 45. Nf7+ Kh7 46. Nxh6 gxh6 (46... Kxh6 $142 47. Qe3+ Kh7) 47. Rf2 Kg7 {[%emt 0:00:28] [#]} 48. Rxf6 $1 {[%emt 0:00:00] Weighted
Error Value: White=0.18 (very precise) /Black=0.59} 1-0

[Event "44th Chess Olympiad Open 2022"]
[Site "Chennai"]
[Date "2022.08.03"]
[Round "6.42"]
[White "El Jawich, Amro"]
[Black "Chukavin, Kirill"]
[Result "1-0"]
[WhiteElo "2314"]
[BlackElo "2418"]
[Annotator "TA"]
[PlyCount "139"]
[EventDate "2022.??.??"]
[TimeControl "60"]

1. e4 c5 2. Nf3 e6 3. b3 b6 4. d4 cxd4 5. Nxd4 Bb7 6. Nd2 {[%emt 0:
00:00] B40: Sicilian: 2...e6, Unusual lines.} Bc5 7. Bb2 Ne7 {[%emt 0:12:33] Inhibits Nf5.} (7... Nh6 $11 {
keeps the balance.}) 8. Qg4 $1 $16 {[%emt 0:07:35] White is better.} Ng6 9. O-O-O $1 {[%emt 0:04:10] [#]} h5 $146 ({
Predecessor:} 9... O-O 10. h4 f6 11. f4 Bxd4 12. Bxd4 e5 13. fxe5 Nxe5 14. Qg3
Qe7 15. Nc4 d6 {1-0 (28) Eugene,F (2393)-Mekhane,A (2285) Tremblay en France
2022}) 10. Qe2 Kf8 11. f4 ({White should try} 11. Kb1 $16) 11... Nxf4 $11 12. Qf3 Qg5 (12... Ng6 $1 $11) 13. g3 (13. Bc4 $1 $14) 13... Ng6 14. h4 Qf6 15. Qd3 Ne5 16. Qe2 Bxd4 (16... Ng4 $15 17. Nb5 Qd8) 17. Bxd4 Nbc6 {[%emt 0:00:20] Pair of Knights!} 18. Bb2 Qe7 19. Nf3 Qc5 (19... f6
$11) 20. Kb1 $2 (20. b4 $1 $18 Qxb4 21. Nxe5
Nxe5 22. Bxe5 Qxe4 23. Bd6+ Kg8 24. Qxe4 Bxe4 25. Rh2) 20... Rc8 21. Bh3 Ke8 {[%emt 0:11:13] [#]} (21... Kg8 $11 {remains
equal.}) 22. Rhf1 (22. Qd2 $1 $16 Kf8 (22... d6 23. Ng5) 23.
Rhf1 (23. Qg5 f6 $11)) 22... d6 (22... f6 $11) 23. Ng5 {
[%emt 0:02:19][%cal Yh3e6] And now Bxe6! would win.} Nd8 ({
Better is} 23... Rh6 $14) 24. Bd4 (24. a3 $16) 24... Qc7 $2 ({Black should play} 24... Qa5 $14) 25. Bxe5 $18 {[%emt 0:00:
00] Remove Defender} dxe5 {[%emt 0:00:04] [#]} 26. Nxf7 $2 Nxf7 $11 27. Bxe6 Nd6 28. Bxc8 {[%emt 0:00:23] Dancing on a razor blade.} Nxc8 (28... Bxc8 $11 29. Rd5 Nf7) 29. Qb5+ Bc6 30. Qc4 {[%emt 0:00:08] White threatens Qe6+ and mate.} Rf8 31. Rxf8+ (31. Qe6+ Ne7 $16) 31... Kxf8 32.
Rf1+ Ke8 33. Qg8+ ({Weaker
is} 33. Qe6+ Ne7 $16) 33... Kd7 34. Rd1+ Nd6 35. Qxg7+ $2 (35. Qf7+ $18 {is the precise
move to win.} Kc8 36. Qe6+ Bd7 37. Qxd6) 35... Kc8 $16 36.
Qf8+ ({Much worse is} 36. Qxe5 $6 Nxe4 37. Qxc7+ Kxc7 $11)
36... Ne8 37. Rf1 {[%emt 0:01:31] White is more active.} Qg7
$2 (37... Kd8 $16 38. Qf5 Nd6) 38. Qxg7 $18 Nxg7 39. Rf8+ Ne8 40. Rh8 Kd7 41. Rxh5 Ke6 42. Rh6+ Kd7 43. Rh7+ Ke6 44. Rxa7 Nf6 45. Ra6 Nd7 46. h5 Bxe4 47. h6 Kf6 48. Ra7 Bf5 49. a4 Kg6 50. b4 Kxh6 51. a5 bxa5 52. bxa5 e4 53. Kc1 {
[%emt 0:00:00] Black must now prevent Rb7.} e3 54. a6 Nc5 {[%emt 0:01:11] Against Rb7} 55. Rc7 Ne4 (55... Nxa6 $18 56. Rc6+ Kh5 57. Rxa6 e2) 56. Kd1 Nxg3 57. a7 (57. Rc6+ $142 Kg5 58. a7
Bg4+ 59. Ke1 Bf3 60. a8=Q Bxc6 61. Qxc6 Nh5 62. Qd5+ Kg6 63. Qe6+ Kg5 64. c4)
57... Be4 58. Re7 {[%emt 0:00:58][%cal Ye7e4] Threatening
mate with Rxe4!} Bf3+ 59. Ke1 Nf5 60. Re8 Nd4 61. c3 Nc2+ (61... Nf5 $142 62. a8=Q Bxa8 63. Rxa8 Kg6) 62. Kf1 Kg5 63. a8=Q {[%emt 0:00:25] White mates.} e2+ 64. Rxe2 Bxa8 65. Rxc2 {
[%emt 0:00:05] KR-KB} Kf5 66. Re2 Be4 67. Kf2 Ke5 68. Ke3 Bd5 69. Kd3+ Kd6 70.
Kd4 {[%emt 0:00:08] Weighted Error Value: White=0.35/Black=0.55} 1-0

[Event "44th Chess Olympiad Open 2022"]
[Site "Chennai"]
[Date "2022.08.03"]
[Round "6.42"]
[White "Khoder, Akram"]
[Black "Kanep, Meelis"]
[Result "0-1"]
[WhiteElo "2038"]
[BlackElo "2417"]
[Annotator "TA"]
[PlyCount "62"]
[EventDate "2022.??.??"]
[TimeControl "60"]

1. d4 Nf6 2. c4 e6 3. g3 c5 4. d5 exd5 5. cxd5 d6 6. Nc3 g6 7. Bg2 Bg7 8. Nf3 O-O 9. O-O Re8 10. Bf4 Na6 {[%emt 0:00:14] 10...Bf5 is becoming the main line.} 11. Nd2 {
[%emt 0:08:59] A62: Modern Benoni: Fianchetto Variation without early ... Nbd7.
} Nh5 $1 12. Be3 Nc7 13. a4
{[%emt 0:01:16] Against b5. The position is equal.} b6 14. Qb3 Ba6 15. Nc4 Qd7 16. Na3 {[%emt 0:00:14] [#]} Bd4 $146 ({Predecessor:} 
16... Rxe3 17. fxe3 Re8 18. Ncb5 Bxb5 19. Nxb5 Na6 20. e4 Nb4 21. Rf2 a6 22.
Na3 Nf6 {0-1 (44) Navalgund,N (2267)-Narayanan,S (2443) Pune 2014}) 17. Bxd4 $1 cxd4 18. Ncb5 Bxb5 19. axb5 Rxe2 20. Rad1 Nf6 21. Rxd4 Rae8 $36 {[%emt 0:09:42]
Black has the initiative.} 22. h3 Ne4 {[%emt 0:02:01] Hoping
for ...Nd2.} 23. Qd1 {[%emt 0:20:42] Against Nd2. This costs White the game.} (
23. Qd3 $1 $11 {and White is okay.} Nc5 24. Qc3) 23... Nxf2 $1 $19 24. Qc1 (24. Rxf2 $142 Re1+ 25. Bf1 Rxd1 26. Rxd1) 24...
Nxh3+ {[%emt 0:05:26] Pair of Knights!} 25. Kh2 {[%emt 0:01:03] [#]} Nf2 (25... Rxg2+ $142 $1 26. Kxg2 Re2+ 27. Kf3 Qe7) 26. Qf4 {
[%emt 0:00:44] [#]} Ne4 27. Kg1 f5 {[%emt 0:03:24] And now ... Qg7 would win.} 28. Bf3 g5 (28... Qg7 $142 29. Rxe4 R8xe4 30. Bxe4 Qd4+ 31. Rf2 Rxf2 32.
Qxf2 Qxe4) 29. Qc1 {[%emt 0:00:00] [#]} Qg7 $1 ({Less strong
is} 29... Nxb5 30. Rxe4 fxe4 31. Bxe2 $16) ({Weaker is} 29... Nxg3 30. Qxg5+
Qg7 31. Qxg7+ Kxg7 32. Rc4 $17) 30. Rc4 (30. Rxe4 R2xe4 31.
Bxe4 fxe4 32. Nc4 Nxb5 33. Qe3) 30... Nxg3 {[%emt 0:00:26][%cal Yf5f4] White
must now prevent ...f4!} 31. Rd1 {[%emt 0:00:39] [#]} Qh6 $1 {[%emt 0:01:00]
Weighted Error Value: White=1.12/ Black=0.38} 0-1